 Dungeon Crawl Stone Soup version 0.19.4 (webtiles) character file.

277 galech the Cudgeler (level 6, -7/65 HPs)
             Began as an Ogre Fighter on Jan 31, 2017.
             Was an Initiate of Makhleb.
             Killed by divine providence
             ... invoked by an orc priest
              (11 damage)
             ... on level 4 of the Dungeon.
             The game lasted 00:05:13 (2980 turns).

galech the Cudgeler (Ogre Fighter)                  Turns: 2980, Time: 00:05:13

Health: -7/65      AC:  7    Str: 28    XL:     6   Next: 25%
Magic:  6/6        EV:  9    Int:  7    God:    Makhleb [......]
Gold:   231        SH:  9    Dex:  9    Spells: 0 memorised, 5 levels left

rFire  . . .     SeeInvis .     a - +0 flail
rCold  . . .     Gourm    .     b - +0 robe
rNeg   . . .     Faith    .     c - +0 shield
rPois  .         Spirit   .     (helmet restricted)
rElec  .         Reflect  .     (no cloak)
rCorr  .         Harm     .     (gloves unavailable)
MR     .....                    (boots unavailable)
Stlth  +.........               (no amulet)
                                g - +4 ring of strength
                                i - +4 ring of protection

@: no status effects
A: unfitting armour, tough skin 1
a: Renounce Religion


You were on level 4 of the Dungeon.
You worshipped Makhleb.
Makhleb was noncommittal.
You were not hungry.

You visited 1 branch of the dungeon, and saw 4 of its levels.

You collected 231 gold pieces.

Inventory:

Hand Weapons
 a - a +0 flail (weapon)
Armour
 b - a +0 robe (worn)
 c - a +0 shield (worn)
Jewellery
 g - a +4 ring of strength (right hand)
 i - a +4 ring of protection (left hand)
Scrolls
 e - a scroll of enchant armour {unknown}
 h - 4 scrolls of noise {unknown}
 l - a scroll of random uselessness {unknown}
 s - 3 scrolls of identify {unknown}
 t - 2 scrolls of remove curse {unknown}
Potions
 d - a potion of might
 j - a potion of ambrosia {unknown}
 m - 3 potions of curing {unknown}
 o - 2 potions of flight {unknown}
 r - a potion of lignification {unknown}
 u - a potion of haste {unknown}
 v - a potion of mutation {unknown}
Comestibles
 f - 2 bread rations
 k - a slice of pizza
 p - 3 meat rations
 q - 4 fruits


   Skills:
 + Level 4.9 Fighting
 + Level 5.3 Maces & Flails
 + Level 3.9 Dodging
 + Level 0.4 Stealth
 + Level 3.7 Shields


You had 5 spell levels left.
You didn't know any spells.

Dungeon Overview and Level Annotations

Branches:
Dungeon (4/15)             Temple (0/1) D:4

Altars:
Ashenzari
Cheibriados
Dithmenos
Fedhas
Gozag
Hepliaklqana
Makhleb
Okawaru
Trog
Yredelemnul
The Shining One


Innate Abilities, Weirdness & Mutations

You are too large for most types of armour.
You have tough skin. (AC +1)


Message History

You are too injured to fight recklessly!
You are too injured to fight recklessly!
You are too injured to fight recklessly!
You are too injured to fight recklessly!
You are too injured to fight recklessly!
You are too injured to fight recklessly!
You are too injured to fight recklessly!
You are too injured to fight recklessly!
You are too injured to fight recklessly!
You are too injured to fight recklessly!
You are too injured to fight recklessly!
You are too injured to fight recklessly!
You hear some strange, mumbled words.
A puff of frost appears from out of thin air!
The puff of frost hits you!
* * * LOW HITPOINT WARNING * * *
The orc priest mumbles some strange prayers to Beogh against you.
The orc priest invokes the aid of Beogh against you.
Beogh smites you!
You die...

##### #...########
##############.#.........
#.oo..{.@>..>....########
#.################ ##.≈≈≈
#.# ####.≈≈≈≈ #.#
.....≈≈.≈ #.# ###.≈≈≈≈
##o## #....≈≈≈ #.o.#
#.##.### #.#........
#.### #...####### #.##.


You could see 2 orc priests.

Vanquished Creatures
  Eustachio (D:4)
  5 adders
  An ooze (D:2)
  A worm (D:3)
  4 dart slugs
  5 leopard geckos
  6 giant cockroaches
  2 gnoll zombies (D:3)
  4 goblins
  11 hobgoblins
  6 jackals
  2 quokkas
  12 bats
  5 frilled lizards
  7 kobolds
  4 rats
76 creatures vanquished.

Notes
Turn   | Place    | Note
-------+----------+-------------------------------------------
     0 | D:1      | galech the Ogre Fighter began the quest for the Orb.
     0 | D:1      | Reached XP level 1. HP: 24/24 MP: 1/1
   123 | D:1      | Reached XP level 2. HP: 32/32 MP: 2/2
   586 | D:1      | Reached XP level 3. HP: 39/39 MP: 3/3
   723 | D:2      | Reached skill level 3 in Maces & Flails
  1190 | D:2      | Reached XP level 4. HP: 49/49 MP: 4/4
  1963 | D:3      | Reached skill level 4 in Maces & Flails
  2126 | D:3      | Reached XP level 5. HP: 52/55 MP: 5/5
  2273 | D:3      | Found a basalt altar of Yredelemnul.
  2537 | D:4      | Found an opulent altar of Gozag.
  2537 | D:4      | Found a hazy altar of Hepliaklqana.
  2546 | D:4      | Found a shattered altar of Ashenzari.
  2547 | D:4      | Found a snail-covered altar of Cheibriados.
  2547 | D:4      | Found a hazy altar of Hepliaklqana.
  2547 | D:4      | Found a shattered altar of Ashenzari.
  2551 | D:4      | Found a blossoming altar of Fedhas.
  2552 | D:4      | Found a shattered altar of Ashenzari.
  2552 | D:4      | Found a burning altar of Makhleb.
  2552 | D:4      | Found a shadowy altar of Dithmenos.
  2552 | D:4      | Found a basalt altar of Yredelemnul.
  2552 | D:4      | Found an iron altar of Okawaru.
  2552 | D:4      | Found a glowing golden altar of the Shining One.
  2552 | D:4      | Found a bloodstained altar of Trog.
  2552 | D:4      | Found a shadowy altar of Dithmenos.
  2555 | D:4      | Found a hazy altar of Hepliaklqana.
  2556 | D:4      | Found a staircase to the Ecumenical Temple.
  2559 | D:4      | Became a worshipper of Makhleb the Destroyer
  2570 | D:4      | Found a snail-covered altar of Cheibriados.
  2619 | D:4      | Noticed Eustachio
  2670 | D:4      | Killed Eustachio
  2670 | D:4      | Reached skill level 5 in Maces & Flails
  2670 | D:4      | Reached XP level 6. HP: 55/65 MP: 6/6
  2708 | D:4      | Noticed a phantom
  2977 | D:4      | HP: 3/65 [something/puff of frost (12)]
  2980 | D:4      | Killed from afar by an orc priest

Skill      XL: |  1  2  3  4  5 |
---------------+----------------+-----
Dodging        | 3 |  3.9
Shields        | 3 |  3.7
Maces & Flails | 3 4 5 |  5.3
Fighting       | |  4.9
Stealth        | |  0.4

Action                   |  1- 3 |  4- 6 || total
-------------------------+-------+-------++-------
Melee: Flail             |   110 |   208 ||   318
 Stab: Sleeping          |     1 |       ||     1
  Eat: Chunk             |     1 |     6 ||     7
Armor: Robe              |    63 |    93 ||   156
Dodge: Dodged            |    65 |   111 ||   176
Block: Shield            |    63 |   125 ||   188
